 Dungeon Crawl Stone Soup version 0.29.1-12-g30fa7ad0bf (webtiles) character file.

Game seed: 9467932429667035324

735 hawla the Chiller (level 8, -1/59 HPs)
             Began as a Meteoran Ice Elementalist on Dec 13, 2022.
             Killed from afar by Blork the orc (10 damage)
             ... with a puff of frost
             ... on level 5 of the Dungeon.
             The game lasted 00:09:13 (1191 turns).

hawla the Chiller (Meteoran Ice Elementalist)       Turns: 1191, Time: 00:09:14

Health: -1/59      AC:  3    Str: 16    XL:     8   Next: 24%
Magic:  7/17       EV: 13    Int: 19    God:
Gold:   27         SH:  0    Dex: 20    Spells: 10/18 levels left

rFire   . . .      SeeInvis .   (no weapon)
rCold   . . .      Faith    .   (no shield)
rNeg    . . .      Spirit   .   a - +0 robe
rPois   .          Reflect  .   (no helmet)
rElec   .          Harm     .   h - +0 cloak
rCorr   .          Rampage  .   (no gloves)
Will    +....                   (no boots)
Stlth   +.........              (no amulet)
HPRegen 0.19/turn               e - +6 ring of strength
MPRegen 0.15/turn               g - +6 ring of dexterity

@: glowing
A: sense surroundings 1, otherworldly, glowing, explore regen
a: no special abilities


You were on level 5 of the Dungeon.
You visited 1 branch of the dungeon, and saw 5 of its levels.

You collected 27 gold pieces.

Inventory:

Armour
 a - a +0 robe (worn)
 h - a +0 cloak (worn)
Jewellery
 e - a +6 ring of strength (left hand)
 g - a +6 ring of dexterity (right hand)
 j - a ring of wizardry
Wands
 b - a wand of charming (2)
 l - a wand of flame (4) (quivered)
 n - a wand of acid (5)
Scrolls
 f - a scroll of immolation
Potions
 d - a potion of curing
 i - a potion of degeneration {unknown}
 k - a potion of magic


   Skills:
 + Level 1.0 Fighting
 + Level 3.2 Dodging
 - Level 1.4 Stealth
 + Level 5.7 Spellcasting
 + Level 5.6 Conjurations
 + Level 6.3 Ice Magic
 + Level 2.1 Evocations


You had 10 spell levels left.
You knew the following spells:

 Your Spells              Type           Power      Damage    Failure   Level
a - Freeze                Ice            100%       1d11      1%          1
b - Frozen Ramparts       Ice            58%        1d9       2%          3
c - Hailstorm             Conj/Ice       28%        3d8       10%         4

Your spell library contained the following spells:

 Spells                   Type           Power      Damage    Failure   Level
 Ozocubu's Armour         Ice            29%        N/A       2%          3
 Summon Small Mammal      Summ           20%        N/A       12%         1
 Call Canine Familiar     Summ           5%         N/A       34%         3
 Summon Guardian Golem    Hex/Summ       5%         N/A       34%         3


Dungeon Overview and Level Annotations

Branches:
Dungeon (5/15) Zot: 1810
 Temple: D:4-7

Altars:
Gozag
Qazlal
Wu Jian

Shops:
D:4 =

Annotations:
D:5 Blork the orc


Innate Abilities, Weirdness & Mutations

You passively map a small area around you.
You are easily found by Zot.
You glow in the dark.
You regain HP and MP as you explore.


Message History

You are more poisoned.
Blork the orc comes into view.
He is wielding a +0 dire flail.
Unknown command.
As you read the scroll labelled JEETZI DASME, it crumbles to dust.
It is a scroll of amnesia.
Really abort (and waste the scroll)?
Okay, then.
You feel very sick.
The wall freezes the scorpion!
You kill the scorpion!
The wall freezes the jackal.
You kill the jackal!
The wall freezes the gnoll sergeant.
The gnoll sergeant hits you from afar with a +3 spear of venom.
You are lethally poisoned!
Blork the orc screams, "You are the ugliest creature I've ever seen!"
An iguana comes into view.
Your Fighting skill increases to level 1!
As you read the scroll labelled VACZAYF AHOYWN, it crumbles to dust.
Your body is wracked with pain!
* * * LOW HITPOINT WARNING * * *
The adder convulses!
Blork the orc convulses!
The iguana convulses!
The iguana hisses angrily.
It was a scroll of torment.
* * * LOW HITPOINT WARNING * * *
You feel extremely sick.
The wall freezes the adder!
You kill the adder!
Blork the orc screams, "I'm going to kill you!"
The wall freezes the gnoll sergeant.
You kill the gnoll sergeant!
Your frozen ramparts will break if you move.
Continue?
The frozen ramparts melt away as you move.
* * * LOW HITPOINT WARNING * * *
You feel very sick.
Okay, then.
You feel better.
Blork the orc points at you and mumbles some strange words.
The puff of frost hits you!
You die...

* , #.)...##.# , ,
########........#####
, , *
,.........###.#.......
.########.##
#.#.###### ..........#
#.#.# ## ########..#
#.#.## #. #..#
#....####. ####..#
#......... #.@..)#
##...##### #.##.##
##.##* ##.##.# ,..#. *
##...#.# ..# #.
*#o###..# #.# #. *
#....†# ..# #.# *#.
#.#.o)o...# ##, * ## #
..##.##.. ..# l. *..


You could see Blork the orc.

Vanquished Creatures
  2 ogres
  A phantom (D:5)
  A gnoll sergeant (D:5)
  2 necrophages
  A scorpion (D:5)
  A jelly (D:4)
  2 iguanas (D:4)
  3 orc wizards (D:4)
  5 adders
  An ufetubus (D:4)
  A dart slug (D:4)
  13 orcs
  A bat (D:2)
  2 endoplasms (D:4)
  A giant cockroach (D:1)
  4 goblins (D:4)
  2 hobgoblins (D:4)
  A jackal (D:5)
  2 ball pythons
  2 kobolds
  A rat (D:2)
49 creatures vanquished.

Notes
Turn   | Place    | Note
-------+----------+-------------------------------------------
     0 | D:1      | hawla the Meteoran Ice Elementalist began the quest for the
                  | Orb.
     0 | D:1      | Reached XP level 1. HP: 14/14 MP: 5/5
    74 | D:2      | Reached XP level 2. HP: 18/20 MP: 1/6
    85 | D:2      | You fall into a shaft and drop 1 floor!
   135 | D:3      | Reached skill level 5 in Ice Magic
   135 | D:3      | Reached XP level 3. HP: 22/26 MP: 5/8
   139 | D:3      | Learned a level 3 spell: Frozen Ramparts
   182 | D:4      | Reached XP level 4. HP: 33/33 MP: 3/10
   207 | D:4      | Reached XP level 5. HP: 19/39 MP: 2/12
   212 | D:4      | Learned a level 4 spell: Hailstorm
   274 | D:4      | Reached XP level 6. HP: 14/46 MP: 6/13
   335 | D:4      | Noticed an ogre
   340 | D:4      | Killed an ogre
   344 | D:4      | Reached skill level 5 in Conjurations
   344 | D:4      | Reached XP level 7. HP: 42/51 MP: 0/14
   560 | D:4      | Found an ornate altar of the Wu Jian Council.
   560 | D:4      | Found an opulent altar of Gozag.
   560 | D:4      | Found a stormy altar of Qazlal.
   866 | D:4      | Found Jinyki's Jewellery Emporium.
  1066 | D:5      | Entered Level 5 of the Dungeon
  1164 | D:5      | Reached skill level 5 in Spellcasting
  1164 | D:5      | Reached skill level 6 in Ice Magic
  1164 | D:5      | Reached XP level 8. HP: 27/58 MP: 6/16
  1184 | D:5      | Noticed Blork the orc
  1186 | D:5      | Reached skill level 1 in Fighting
  1191 | D:5      | Killed from afar by Blork the orc

Illustrated notes

Levels and vault maps discovered:
D:1:      psy_arrival_terrarium, layout_loops_corners
D:2:      layout_loops_cross, shapermc_ecumenical_altar_mp_urbaneastern,
          serial_shops, nicolae_shop_advertising_works
          [nicolae_subvault_shop_adworks], minmay_misc_feat_alley,
          kennysheep_another_room
D:3:      layout_basic, good_gods_temple_1, overflow_temple_1_default,
          nemelex_diamond_rough_becter
D:4:      layout_cave_pods, gammafunk_temple_overflow_claw, serial_shops, shop,
          palyth_stone_intersect, minmay_circle_x
D:5:      layout_loops_ring, serial_shops, nicolae_shop_behind_doors,
          gup_sewer_entry_bowl, minmay_manual_mess, uniq_prince_ribbit1,
          uniq_blork_the_orc

Skill      XL: |  1  2  3  4  5  6  7  8 |
---------------+-------------------------+-----
Ice Magic      | 5 6 |  6.3
Spellcasting   | 3 4 5 |  5.7
Conjurations   | 2 5 |  5.6
Dodging        | 3 |  3.2
Evocations     | 2 |  2.1
Fighting       | 1 |  1.0
Stealth        | |  1.4

Action                   |  1- 3 |  4- 6 |  7- 9 || total
-------------------------+-------+-------+-------++-------
Melee: Unarmed           |     7 |     2 |    20 ||    29
 Cast: Freeze            |    16 |    18 |    11 ||    45
       Frozen Ramparts   |     1 |     9 |    13 ||    23
       Hailstorm         |       |     2 |     3 ||     5
Evoke: Wand              |       |       |     4 ||     4
  Use: Potion            |       |     2 |     2 ||     4
       Scroll            |       |       |     5 ||     5
Armor: Robe              |     6 |     5 |     6 ||    17
Dodge: Dodged            |    10 |    10 |    27 ||    47
